Cogmind - Beta 13 @@@ ROGUE MODE // 2024.04.17 @ 21:25:03 Player: Exceptionally Mediocre Result: Destroyed by D-53 Grenadier with Mini Grenade Launcher Performance ------------- Evolutions (0) 0 Regions Visited (2) 400 Robots Destroyed (30) 150 Value Destroyed (329) 329 Prototype IDs (1) 20 Alien Tech Used (0) 0 Bonus (-121) -121 TOTAL SCORE: 778 Bonus ------- Friendly Fire -121 Cogmind --------- Core Integrity 0/250 Matter 270/300 Energy 108/125 System Corruption 0% Temperature Cool (0) Movement Treading (320) Ox2 Location -10/Mines Parts ------- > --- POWER (1) -------- Light Ion Engine > --- PROPULSION (2) --- Light Treads > --- UTILITY (2) ------ High-capacity Storage Unit > --- WEAPON (2) ------- Improved Light Cannon > --- INVENTORY (20) --- Light Ion Engine Light Ion Engine Light Treads Light Treads Medium Matter Pod (0) Sensor Array Salvage Targeting Computer Core Shielding Hacking Suite Hacking Suite Splice Drone Bay Improved Medium Laser Assault Rifle Assault Rifle Improved Light Cannon Improved Light Cannon Improved Light Cannon Peak State ------------ > --- POWER ------------ Ion Engine > --- PROPULSION ------- Light Treads Light Treads > --- UTILITY ---------- High-capacity Storage Unit Core Shielding > --- WEAPON ----------- Improved Medium Laser Assault Rifle > --- INVENTORY -------- Light Ion Engine Light Ion Engine Light Ion Engine Light Ion Engine Light Ion Engine Wheel Improved Terrain Scanner Salvage Targeting Computer Salvage Targeting Computer Hacking Suite EM Pulse Gun Assault Rifle Assault Rifle Assault Rifle Light Assault Rifle Improved Light Cannon Improved Light Cannon Improved Light Cannon Improved Light Cannon Grenade Launcher [Rating: 12] Favorites ----------- Power Ion Engine Engine Ion Engine Propulsion Light Treads Treads Light Treads Utility High-capacity Storage Unit Device Improved Terrain Scanner Storage High-capacity Storage Unit Protection Core Shielding Weapon Assault Rifle Energy Gun Improved Medium Laser Ballistic Gun Assault Rifle Ballistic Cannon Improved Light Cannon Launcher Grenade Launcher Build | -11 -10 -10 ------- Run | Yrd Mat Min Slots Evolved . | . . . Power . | . . . Propulsion . | . . . Utility . | . . . Weapon . | . . . Parts Attached 23 | 7 9 7 Power 2 | 1 . 1 Engine 2 | 1 . 1 Core . | . . . Reactor . | . . . Propulsion 5 | 2 . 3 Treads 5 | 2 . 3 Leg . | . . . Wheel . | . . . Hover . | . . . Flight . | . . . Utility 7 | 2 4 1 Device 1 | 1 . . Storage 4 | 1 3 . Processor . | . . . Hackware . | . . . Protection 2 | . 1 1 Artifact . | . . . Weapon 9 | 2 5 2 Energy Gun 2 | . 2 . Energy Cannon . | . . . Ballistic Gun 5 | 2 3 . Ballistic Cannon 1 | . . 1 Launcher 1 | . . 1 Special Weapon . | . . . Impact Weapon . | . . . Slashing Weapon . | . . . Piercing Weapon . | . . . Special Melee Weapon . | . . . Unidentified Prototypes 1 | . 1 . Parts Lost 6 | . . 6 Power 1 | . . 1 Propulsion 2 | . . 2 Utility 1 | . . 1 Weapon 2 | . . 2 Highest Loss Streak 5 | . . 5 To Critical Strikes . | . . . Average Slot Usage (%) 99 | . 99 99 Engine 13 | . 14 13 Treads 28 | . 28 28 Device 1 | . 2 . Storage 14 | . 14 14 Protection 12 | . 11 13 Ballistic Gun 22 | . 27 13 Ballistic Cannon 2 | . . 5 Launcher 3 | . . 8 Naked Turns . | . . . Heaviest Build 54 | 14 50 54 Greatest Support 40 | 40 40 40 Greatest Overweight (x) 2 | 2 1 2 Average Overweight (x) . | . . 1 Largest Inventory Capacity 20 | 8 20 20 Average Capacity 18 | 7 18 20 Most Carried 20 | 5 20 20 Average Carried 16 | 2 15 19 Final Capacity 20 | 8 20 20 Final Carried 20 | 5 20 17 Class Distribution -------------------- 100% | Mutant Dominant Class ---------------- Mutant | -10/Materials Mutant | -10/Mines Resources | -11 -10 -10 ----------- Run | Yrd Mat Min Matter Collected 942 | 203 482 257 Remotely . | . . . Salvage Created 957 | 167 594 196 Parts 53 | 6 44 3 Haulers Intercepted 2 | . 2 . Recyclers Shooed 1 | . 1 . Parts Field Recycled . | . . . Retrieved Matter . | . . . Parts Self-Destructed . | . . . Prevented . | . . . Kills | -11 -10 -10 ------- Run | Yrd Mat Min Combat Hostiles Destroyed 31 | . 12 19 Guns 15 | . 12 3 Cannons 2 | . . 2 AOE 14 | . . 14 Classes Destroyed 11 | 3 6 2 Worker 2 | 1 1 . Builder 1 | . 1 . Tunneler 2 | 2 . . Hauler 2 | . 2 . Recycler 3 | 1 1 1 Operator 2 | . 2 . Watcher 2 | . 2 . Swarmer 12 | . 9 3 Grunt 3 | . 3 . Assembled 16 | . . 16 Guerrilla 1 | . . 1 Best Kill Streak 12 | 2 5 12 Combat Bots Only 11 | . 5 11 Max Kills in Single Turn 4 | 1 2 4 Gunslinging 1 | . 1 . Exploded 3 | . . 3 Melee . | . . . Uniques/NPCs Destroyed . | . . . Combat | -11 -10 -10 -------- Run | Yrd Mat Min Hostile Shots Fired 109 | . 50 59 Missed 26 | . 12 14 Damage Taken 1413 | . 336 1077 Core 259 | . 51 208 Absorbed by Shields . | . . . Redirected to Shielding 4 | . 4 . Core Remaining (%) 100 | 100 . . Volleys Fired 96 | 18 56 22 Largest 2 | 2 2 2 Hottest 59 | 40 40 59 Shots Fired 178 | 36 112 30 Gun 156 | 36 112 8 Cannon 8 | . . 8 Launcher 14 | . . 14 Special . | . . . Kinetic 164 | 36 112 16 Thermal . | . . . Explosive 14 | . . 14 Electromagnetic . | . . . Robot Hit Streak 9 | 8 9 6 Robot Miss Streak 7 | 2 7 5 Penetration Max . | . . . Secondary Targets 3 | . 3 . Max Gunslinging Chain 1 | . 1 . Shots Hit Robots 99 | 24 64 11 Core Hits 73 | 6 30 37 Critical Kills . | . . . Critical Parts Destroyed . | . . . Critical Strikes . | . . . Melee Attacks . | . . . Impact . | . . . Slashing . | . . . Piercing . | . . . Sneak Attacks . | . . . Combat Hostiles . | . . . Follow-up Attacks . | . . . Damage Inflicted 2056 | 261 813 982 Guns 1135 | 261 813 61 Cannons 125 | . . 125 Explosions 796 | . . 796 Melee . | . . . Ramming . | . . . Kinetic 1260 | 261 813 186 Thermal . | . . . Explosive 796 | . . 796 Electromagnetic . | . . . Impact . | . . . Slashing . | . . . Piercing . | . . . Highest Corruption . | . . . Average Corruption . | . . . Corruption Purged . | . . . Corruption Blocked . | . . . Overload Shots . | . . . Overflow Damage 37 | . . 37 Projectiles . | . . . Explosions 37 | . . 37 Melee . | . . . Knockbacks 1 | . . 1 Impact . | . . . Kinetic 1 | . . 1 Secondary . | . . . Self-Inflicted Damage 72 | . . 72 Shots 3 | . . 3 Rammed . | . . . Targets Rammed . | . . . Kicked . | . . . Crushed . | . . . Highest Temperature 64 | . . 64 Average Temperature 27 | . . 27 Received Heat Transfer 186 | . 66 120 Siege Activations . | . . . Robots Corrupted . | . . . Combat Hostiles . | . . . Parts Fried . | . . . Impact Corruptions . | . . . Robots Melted . | . . . Combat Hostiles . | . . . Parts Melted . | . . . Heat Transferred . | . . . Parts Sabotaged . | . . . Parts Stolen . | . . . Parts Stripped . | . . . Power Chain Reactions . | . . . Alert | -11 -10 -10 ------- Run | Yrd Mat Min Peak Influence 271 | 20 271 92 Initial 13 | . 13 1 Average 56 | 6 93 3 Maximum Alert Level 1 | . 1 . Low Security (%) 96 | 100 94 100 Level 1 3 | . 5 . Level 2 . | . . . Level 3 . | . . . Level 4 . | . . . Level 5 . | . . . High Security . | . . . Max Security . | . . . Squads Dispatched 2 | . 2 . Investigation . | . . . Extermination . | . . . Reinforcement 2 | . 2 . Assault . | . . . Garrison . | . . . Intercept . | . . . Searches Triggered . | . . . Construction Impeded . | . . . Haulers Reinforced . | . . . Active Scanning Responses . | . . . Cargo Convoy Interrupts . | . . . Stealth | -11 -10 -10 --------- Run | Yrd Mat Min Distress Signals 1 | . 1 . Communications Jammed . | . . . Distress Signals . | . . . Times Spotted 50 | . 26 24 Peak Tracking Total 19 | . 5 19 Tactical Retreats 3 | . 2 1 Traps | -11 -10 -10 ------- Run | Yrd Mat Min Traps Triggered . | . . . Indirectly . | . . . Trap Hack Attempts . | . . . Triggered . | . . . Disarmed . | . . . Reprogrammed . | . . . Reused . | . . . Traps Extracted . | . . . Installed . | . . . Triggered . | . . . Machines | -11 -10 -10 ---------- Run | Yrd Mat Min Machines Disabled . | . . . Max in Single Turn . | . . . Machines Repaired . | . . . Machines Dismantled . | . . . Machines Sabotaged . | . . . Overloaded Fab Kills . | . . . Hacking | -11 -10 -10 --------- Run | Yrd Mat Min Machines Accessed 6 | . 5 1 Terminals 5 | . 5 . Fabricators . | . . . Repair Stations . | . . . Recycling Units . | . . . Scanalyzers . | . . . Garrison Access . | . . . Total Hacks 13 | . 12 1 Successful 5 | . 4 1 Failed 8 | . 8 . Catastrophic . | . . . Database Lockouts . | . . . Manual 11 | . 11 . Terminals 12 | . 12 . Fabricators . | . . . Repair Stations . | . . . Recycling Units . | . . . Scanalyzers . | . . . Garrison Access . | . . . Terminal Hacks 2 | . 1 1 Record 1 | . 1 . Open Door 1 | . . 1 Fabricator Hacks . | . . . Repair Station Hacks . | . . . Recycling Unit Hacks . | . . . Scanalyzer . | . . . Garrison Access Hacks . | . . . Unauthorized Hacks 3 | . 3 . Terminals 3 | . 3 . Botnet 3 | . 3 . Fabricators . | . . . Repair Stations . | . . . Recycling Units . | . . . Scanalyzers . | . . . Garrison Access . | . . . Data Cores Recovered . | . . . Used . | . . . Hacking Detections 4 | . 4 . Full Trace Events 1 | . 1 . Feedback Events . | . . . Feedback Blocked . | . . . Robot Schematics Acquired . | . . . Robots Built . | . . . Authchips . | . . . Time . | . . . Total Robot Build Rating . | . . . Part Schematics Acquired . | . . . Parts Built . | . . . Authchips . | . . . Time . | . . . Total Part Build Rating . | . . . Parts Repaired . | . . . Time . | . . . Parts Recycled . | . . . Recycled Matter . | . . . Retrieved Matter . | . . . Retrieved Components . | . . . Parts Scanalyzed . | . . . Part Schematics Acquired . | . . . Parts Damaged . | . . . Bothacking | -11 -10 -10 ------------ Run | Yrd Mat Min Used RIF Installer . | . . . Robots Hacked . | . . . Non-combat . | . . . Combat . | . . . Robot Hacks Applied . | . . . Relay Couplers Released . | . . . Fabnet Peak Effective % . | . . . Robots Rewired . | . . . Allies Hacked . | . . . Hacks Repelled . | . . . Allies | -11 -10 -10 -------- Run | Yrd Mat Min Total Allies . | . . . Largest Group . | . . . Highest-Rated Group . | . . . Highest-Rated Ally . | . . . Total Orders . | . . . Ally Attacks . | . . . Total Damage . | . . . Kills . | . . . Allies Corrupted . | . . . Allies Melted . | . . . Intel | -11 -10 -10 ------- Run | Yrd Mat Min Robot Analysis Total . | . . . Derelict Logs Recovered . | . . . Drone Launches . | . . . Drone Recoveries . | . . . Exploration | -11 -10 -10 ------------- Run | Yrd Mat Min Turns Passed 3143 | 131 1862 1150 Spaces Moved 1261 | 46 770 445 Core 9 | 9 . . Treads 1252 | 37 770 445 Legs . | . . . Wheels . | . . . Hover . | . . . Flight . | . . . Fastest Speed 50 | 50 160 240 Average Speed 221 | 145 214 240 Slowest Speed 320 | 160 240 320 Overloaded Moves . | . . . Propulsion Burnouts . | . . . Robots Hopped . | . . . Cave-ins Triggered . | . . . Exploration Rate (%) 53 | 5 86 69 Regions Visited 2 Branch Regions 1 Pre-discovered Areas . | . . . Known Exits Taken . | . . . Unknown Exits Taken 2 | 1 1 . Scrap Searched . | . . . Spaces Dug . | . . . Terrain Destroyed 74 | . . 74 Melee . | . . . Projectile 1 | . . 1 AOE 73 | . . 73 Terrain Rammed . | . . . Walls Destroyed . | . . . Machines Disabled . | . . . Actions | -11 -10 -10 --------- Run | Yrd Mat Min Total 1448 | 75 878 495 Wait 20 | . 1 19 Move 1259 | 45 769 445 Hop . | . . . Pick Up 33 | 5 27 1 Fast Attach 8 | 7 1 . Attach 3 | . . 3 Detach . | . . . Swap 12 | . 8 4 Drop 17 | . 16 1 Fire 96 | 18 56 22 Melee . | . . . Ram . | . . . Kick . | . . . Crush . | . . . Escape Stasis . | . . . Rewire . | . . . Trap . | . . . Miscellaneous . | . . . Route ------- -11/Scrapyard -10/Materials (discovered 5 exits: [*Mat x3] / *Min x2) -10/Mines (discovered 2 exits: [*Mat] / [*Sub]) History --------- Turn | Location | Event 9 | -11/Scrapyard | Discovered new exit (range 16) 132 | -11/Scrapyard | Entered Materials 175 | -10/Materials | Discovered new exit (range 12) 233 | -10/Materials | Discovered new exit (range 8) 317 | -10/Materials | Build established: Mutant 372 | -10/Materials | Discovered new exit (range 13) 634 | -10/Materials | Discovered new exit (range 13) 1320 | -10/Materials | Discovered new exit (range 3) 1994 | -10/Materials | Entered Mines 2045 | -10/Mines | Found a hidden stash of uninstalled traps 2061 | -10/Mines | Met a Derelict bent on vengeance 2178 | -10/Mines | Found the Drone Emporium 2195 | -10/Mines | Found Prototype Device 2364 | -10/Mines | Discovered new exit (range 15) 2652 | -10/Mines | Assembled infested the area 2657 | -10/Mines | Assisted by a Guerilla fighting off Assembled 2700 | -10/Mines | Destroyed 11 combat bots 2711 | -10/Mines | Core integrity fell below 50% 3103 | -10/Mines | Discovered new exit (range 3) 3143 | -10/Mines | Core integrity fell below 20% 3144 | -10/Mines | Destroyed by D-53 Grenadier with Mini Grenade Launcher Last Messages --------------- 02896_ K-01 Serf collects debris. 03003_ T-07 Excavator is excavating. 03103_ EXIT=FOUND 03120_ T-07 Excavator is excavating. 03127_ U-05 Engineer lays Concrete. 03130_ T-07 Excavator destroyed. 03130_ U-05 Engineer builds a Wall. 03132_ U-05 Engineer lays Concrete. 03132_ Lgt. Armor Plating destroyed. 03132_ Assault Rifle destroyed. 03133_ U-05 Engineer lays Concrete. 03134_ Lgt. Treads destroyed. 03134_ U-05 Engineer lays Concrete. 03136_ The unstable cave ceiling collapses. 03136_ U-05 Engineer lays Concrete. 03137_ Ion Engine destroyed. 03137_ U-05 Engineer lays Concrete. 03141_ Lgt. Treads destroyed. 03141_ T-07 Excavator destroyed. 03141_ U-05 Engineer lays Concrete. Map ----- +----------------------------------------------------+ | ????????????????####?# #????????? | | ???????????????? #?? #????????? | | ????????????????# #??? ????????? | | ???????????????## #???# #????????? | | ??????????????## #####% #????????? | | ??????####????# #????????? | | ?????## ###### ##### #????????? | | ????## " # #???# ##???????? | | ????# " ## #????# "##??????? | | ????# "# ## ####?# ##?????? | | ????# #?# ##????? | | ???# #### ##???? | | ??# ##### ## ##??? | | ?# # ## # ##?? | | ?# # # #?? | | ?## ### # ### | | ??#######?## u # | | ???????????# # #### ### | | ???????????###### #??## ##?###### | | ???????????#####;dd #???####???????? | | ????????#### ##??????????????? | | ????????# ##??????????????? | | ?????#### ###????????????? | | ?????#<# ##???????????? | | ?????# #???????????? | | ?????## @ ##??????????? | | ??????# #??????????? | | ??????# ! #??????????? | | ??????## # #??????????? | | ???????## ### ##??????????? | | ????????########## ####???????????? | | ???????????????## ##??????????????? | | ??????????????## #???????????????? | | ??????????????# #####?#####?????? | | ??????????????# ### #?????? | | ??????????????## #?????? | | ???????????????# ##?????? | | ???????????????## ###??????? | | ????????????????###########????????? | | ???????????????????????????????????? | | ???????????????????????????????????? | | ???????????????????????????????????? | | | | | | | | | | | | | | | | | +----------------------------------------------------+ Best States ------------- Heat Dissipation 25 Energy Generation 10 Energy Capacity 250 Matter Stores 275 Matter Capacity 300 Sight Range 16 Terrain Scan Range 16 Terrain Scan Density 10 Armor Coverage 150 Core Shielding 20 Evasion (%) 40 Recoil Reduction 2 Item Schematics ----------------- None Robot Schematics ------------------ None Fabricated ------------ Nothing Alien Tech Used ----------------- None Achievements -------------- None Challenges ------------ None Game ------ Seed BehemothDrainedSword Manual? 0 Play Time 00:19:27 Cumulative 71.4 hours Start 2024.04.17 @ 19:44:24 End 2024.04.17 @ 21:25:03 Sessions 1 Manual Loads 0 Difficulty Rogue Special Mode None Game No. 88 Rogue 88 Adventurer 0 Explorer 0 Win Type - Total 0 Types 0/0/0/0/0/0/0/0/0 Lore% 19 Gallery% 43 Achievement% 30 Wizard Run 0 Options --------- Layout 1 ASCII 0 Keyboard 1 Movement Vi Keybinds 0 Fullscreen 1 Font 24/Smallcaps Map View 50x35 Zoom Use 0% Tactical HUD 1 Map Filters NONE Filters NONE Steam 1 RUN: 07964308-b887-40b4-be22-f2ac7cf6a4d2